High level 2v2 mixed

Match 17665540
End
Panzergrenadier Squad
250 Light Carrier
Panzergrenadier Squad
Construct Light Support Kompanie
Combat Half-tracks
Fire Support Elements
Vehicle Survival Package
Flakvierling Half-track
le.IG 18 Mechanized Group
2.5-tonne Medical Truck
Selects Italian Infantry
Selects Defensive Operations
Panzerjäger Squad
Construct Mechanized Kompanie
Flakvierling Half-track
Selects Prepared Positions
Selects Guastatori Squad
Marder III Tank Destroyer
Marder III Tank Destroyer
Marder III Tank Destroyer
254 Reconnaissance Tractor
Support Armor Elements
Emergency Repair Kits
Selects Registered Artillery
Marder III Tank Destroyer
Marder III Tank Destroyer
Selects Obice 305mm Barrage
Selects Towed Cannone da 105/28 Field Howitzer
Construct Panzerarmee Kommand
Obice 305mm Barrage
Panzer III L Medium Tank
Rapid Advance
2.5-tonne Medical Truck
Registered Artillery
RtN. havoc
RtN.momo4sho
Zulu
SMOKO
0
0

Comments sign in to comment!

No comments posted yet!